 Dungeon Crawl Stone Soup version 0.26-a0-830-g2a559e7be2 (webtiles) character file.

Game seed: 12202908282688873876

175 Froggeryz the Ruffian (level 5, -4/44 HPs)
             Began as a Naga Transmuter on Nov 15, 2020.
             Slain by a gnoll
             ... wielding a cursed -1 spear
              (6 damage)
             ... on level 3 of the Dungeon.
             The game lasted 00:04:29 (3442 turns).

Froggeryz the Ruffian (Naga Transmuter)             Turns: 3442, Time: 00:04:29

Health: -4/44      AC:  2    Str: 13    XL:     5   Next: 55%
Magic:  17/17      EV: 10    Int: 13    God:
Gold:   119        SH:  0    Dex: 12    Spells: 7/8 levels left

rFire    . . .     SeeInvis +     - Unarmed
rCold    . . .     Faith    .   (no shield)
rNeg     . . .     Spirit   .   a - +0 robe
rPois    +         Reflect  .   (helmet currently unavailable)
rElec    .         Harm     .   (no cloak)
rCorr    .         Rampage  .   (no gloves)
MR       .....                  (no barding)
Stlth    +.........             (no amulet)
HPRegen  0.14/turn              i - ring of magical power
MPRegen  0.15/turn              (no ring)

@: appendages (expiring), flying, very slow
A: large, horns 2, see invisible, deformed body, poison resistance, slowness 2,
spit poison 1, AC +1
a: Spit Poison, End Transformation


You were on level 3 of the Dungeon.
You had grown temporary horns.
You visited 1 branch of the dungeon, and saw 3 of its levels.

You collected 119 gold pieces.

Inventory:

Missiles
 g - 11 poisoned darts (quivered)
Armour
 a - a +0 robe (worn)
 h - a +0 helmet (melded)
Magical Staves
 j - an uncursed staff of poison
Jewellery
 i - a ring of magical power (left hand)
Scrolls
 b - a scroll of amnesia {unknown}
 c - 3 scrolls of teleportation
 d - a scroll of random uselessness {unknown}
 e - a scroll of remove curse
 l - a scroll of identify {unknown}
Potions
 f - a potion of flight


   Skills:
 - Level 1.0 Fighting
 - Level 1.5 Dodging
 * Level 5.2 Unarmed Combat
 - Level 2.0 Spellcasting
 + Level 3.5 Transmutations


You had 7 spell levels left.
You knew the following spells:

 Your Spells              Type           Power        Failure   Level
a - Beastly Appendage     Tmut           ##....       6%          1

Your spell library contained the following spells:

 Spells                   Type           Power        Failure   Level
 Wereblood                Tmut           ##......     9%          2
 Spider Form              Tmut/Pois      #.........   36%         3
 Ice Form                 Ice/Tmut       #.......     77%         4
 Blade Hands              Tmut           ##........   86%         5


Dungeon Overview and Level Annotations

Branches:
Dungeon (3/15)

Altars:
Gozag
Hepliaklqana
Trog

Annotations:
D:3 Ijyb


Innate Abilities, Weirdness & Mutations

You cannot wear boots.
Your serpentine skin is tough. (AC +1)
You have supernaturally acute eyesight. (SInv)
Armour fits poorly on your strangely shaped body.
Your system is resistant to poisons. (rPois)
You cover ground very slowly.
You can spit poison.
You have a pair of horns on your head.


Message History

The gnoll is severely wounded.
The gnoll hits you from afar with a cursed -1 spear!
* * * LOW HITPOINT WARNING * * *
You barely miss the gnoll.
The gnoll is severely wounded.
The gnoll hits you with a +0 whip.
* * * LOW HITPOINT WARNING * * *
The gnoll hits you but does no damage.
You closely miss the gnoll.
The gnoll is severely wounded.
The gnoll completely misses you.
You closely miss the gnoll.
The gnoll is severely wounded.
The gnoll hits you from afar with a cursed -1 spear!
* * * LOW HITPOINT WARNING * * *
The gnoll barely misses you.
As you read the scroll labelled XIURIAQ GUFAE, it crumbles to dust.
You feel blessed for a moment.
It was a scroll of remove curse.
The gnoll hits you from afar with a cursed -1 spear.
You die...

.# #+# #.# .# #####.#
#.# ## ..##.# #.# $##
#.##.##### #.# .$..
#.#....†.## #.#
#?.##.....###.# #.#
#...g.....# #.# #.#
##.##g##..###.######.# .
#@##.#...........#
........##.#############
##########.# #.# #.#


You could see 2 gnolls.

Vanquished Creatures
  An orc priest (D:3)
  A worker ant (D:3)
  3 gnolls
  2 adders
  2 dart slugs (D:1)
  3 leopard geckos
  6 orcs (D:3)
  8 bats
  3 giant cockroaches
  5 goblins
  9 hobgoblins
  4 jackals (D:1)
  2 quokkas (D:2)
  A ball python (D:1)
  A frilled lizard (D:1)
  9 kobolds
  3 rats
63 creatures vanquished.

Notes
Turn   | Place    | Note
-------+----------+-------------------------------------------
     0 | D:1      | Froggeryz the Naga Transmuter began the quest for the Orb.
     0 | D:1      | Reached XP level 1. HP: 18/18 MP: 3/3
    62 | D:1      | Reached XP level 2. HP: 25/25 MP: 3/5
   288 | D:1      | Reached XP level 3. HP: 16/31 MP: 6/6
   585 | D:1      | Reached skill level 4 in Unarmed Combat
  1411 | D:2      | Reached XP level 4. HP: 24/38 MP: 5/7
  2326 | D:2      | Found an opulent altar of Gozag.
  2363 | D:3      | Found a bloodstained altar of Trog.
  2600 | D:3      | Noticed Ijyb
  2772 | D:3      | Found a hazy altar of Hepliaklqana.
  3033 | D:3      | Reached skill level 5 in Unarmed Combat
  3033 | D:3      | Reached XP level 5. HP: 19/44 MP: 8/8
  3431 | D:3      | HP: 2/44 [gnoll/+0 whip (10)]
  3441 | D:3      | HP: 2/44 [gnoll/cursed -1 spear (8)]
  3442 | D:3      | Slain by a gnoll

Illustrated notes

Levels and vault maps discovered:
D:1:      matt_arrival_los_fun, layout_rooms
D:2:      layout_basic, marbit_many_paths
D:3:      layout_loops_corners, old_standard_altar, trog_book, uniq_ijyb

Skill      XL: |  1  2  3  4 |
---------------+-------------+-----
Unarmed Combat | 4 5 |  5.2
Transmutations | 3 |  3.5
Fighting       | |  1.0
Dodging        | |  1.5
Spellcasting   | |  2.0

Action                   |  1- 3 |  4- 6 || total
-------------------------+-------+-------++-------
Melee: Unarmed           |    80 |   105 ||   185
       Punch             |     1 |     3 ||     4
       Headbutt          |     4 |     8 ||    12
 Cast: Beastly Appendage |     7 |     7 ||    14
 Abil: Spit Poison       |    24 |    18 ||    42
  Use: Scroll            |       |     2 ||     2
       Potion            |       |     4 ||     4
Armor: Robe              |    22 |    15 ||    37
Dodge: Dodged            |    41 |    60 ||   101

Table legend: (Time is in decaauts)
 A = Elapsed time spent in this place.
 B = Non-inter-level travel time spent in this place.
 C = Inter-level travel time spent in this place.
 D = Time resting spent in this place.
 E = Time spent auto-exploring this place.
 F = Levels seen in this place.
 G = Mean time per level.
                   A        B        C        D        E       F      G
               +--------+--------+--------+--------+--------+-----+--------+
         Total |   4028 |   3836 |    192 |    890 |   2416 |   3 | 1342.7 |
       Dungeon |   4028 |   3836 |    192 |    890 |   2416 |   3 | 1342.7 |
               +--------+--------+--------+--------+--------+-----+--------+

Top non-repeatable levels by time:
     D:2: 1687 daAuts
     D:3: 1203 daAuts
     D:1: 1138 daAuts
